 Dungeon Crawl Stone Soup version 0.31-a0-1237-gabc64e778c (webtiles) character file.

Game seed: 8901133862604201035

805 melkoren the Changeling (level 7, 0/62 HPs)
             Began as a Naga Shapeshifter on Dec 15, 2023.
             Slain by a gnoll
             ... wielding a +0 halberd
             ... led by a gnoll bouda
              (1 damage)
             ... on level 5 of the Dungeon.
             The game lasted 00:13:42 (4439 turns).

melkoren the Changeling (Naga Shapeshifter)         Turns: 4439, Time: 00:13:43

Health: 0/62       AC: 10    Str: 17    XL:     7   Next: 91%
Magic:  7/7        EV:  8    Int:  8    God:
Gold:   161        SH:  8    Dex: 12    Spells: 4/6 levels left

rFire   + . .        h - +9 short sword "Ufreezoe" {protect, rPois rC++ Will- rCorr}
rCold   + + +        q - +0 kite shield
rNeg    . . .        f - +0 leather armour
rPois   +            (helmet currently unavailable)
rElec   .            (cloak currently unavailable)
rCorr   +            (gloves currently unavailable)
SInv    +            (no barding)
Will    .....        (no amulet)
Stlth   +            F - ring of protection from fire
HPRegen 0.30/turn    C - ring of protection from cold
MPRegen 0.10/turn

%: no passive effects
@: mighty, beast-form, weakened, under a protective aura, very slow
A: beast (slay +2), AC +2, large, see invisible, deformed body, poison
resistance, slowness 2, spit poison 1, naga tail 1, horns 1, dopey 1,
teleportitis 1, wild magic 1, MP-powered wands
a: Spit Poison, Begin Untransformation


You were on level 5 of the Dungeon.
You were a hulking beast.
You visited 2 branches of the dungeon, and saw 6 of its levels.

You collected 161 gold pieces.


Innate Abilities, Weirdness & Mutations

You are a hulking beast.
Your limbs bulge with bestial killing power. (Slay +2)
Your serpentine skin is tough. (AC +2)
You have supernaturally acute eyesight. (SInv)
Armour fits poorly on your strangely shaped body.
Your system is resistant to poisons. (rPois)
You cover ground very slowly.
You can spit poison.
You have a snake-like lower body.
You have a pair of small horns on your head.
You are dopey. (Int -2)
You are occasionally teleported next to monsters.
Your spells are a little harder to cast, but a little more powerful.
You expend magic power (3 MP) to strengthen your wands.


   Skills:
 + Level 3.6 Fighting
 * Level 4.3 Short Blades
 + Level 3.3 Dodging
 + Level 2.3 Shields
 - Level 3.6 Unarmed Combat
 + Level 4.3 Shapeshifting


You had 4 spell levels left.
You knew the following spells:

 Your Spells              Type           Power      Damage    Failure   Level
e - Ensorcelled Hibernat  Hex/Ice        0%         N/A       96%         2

Your spell library contained the following spells:

 Spells                   Type           Power      Damage    Failure   Level
 Magic Dart               Conj           0%         1d3       88%         1
 Jinxbite                 Hex            0%         N/A       96%         2
 Passwall                 Tmut/Erth      0%         N/A       96%         2
 Searing Ray              Conj           0%         2d4       96%         2
 Sublimation of Blood     Necr           0%         N/A       96%         2
 Wereblood                Tmut           0%         N/A       96%         2
 Gell's Gravitas          Tloc           0%         N/A       99%         3
 Swiftness                Air            0%         N/A       99%         3
 Teleport Other           Tloc           0%         N/A       99%         3
 Anguish                  Hex/Necr       0%         N/A       100%        4
 Fulminant Prism          Conj/Hex       0%         3d5       100%        4
 Dispersal                Tloc           0%         N/A       100%        6
 Summon Hydra             Summ           0%         N/A       100%        7

Inventory:

Hand Weapons
 h - the +9 short sword "Ufreezoe" (weapon) {protect, rPois rC++ Will- rCorr}
   (You found it on level 2 of the Dungeon)

   rC++:      It greatly protects you from cold.
   rPois:     It protects you from poison Will-: It decreases your willpower.
   rCorr:     It protects you from acid and corrosion.
Missiles
 j - 24 stones
 l - 6 poisoned darts
Armour
 e - a +0 leather armour
   (You found it on level 4 of the Dungeon)
 f - a +0 leather armour (worn)
   (You found it on level 1 of the Dungeon)
 g - the +2 helmet "Gisykh" {rC- Regen+ Slay+4 Stlth+}
   (You found it on level 3 of the Dungeon)

   Slay+4:    It affects your accuracy & damage with ranged weapons and melee
   (+4).
   rC-:       It makes you vulnerable to cold.
   Regen+:    It increases your rate of health regeneration.
   Stlth+:    It makes you more stealthy.
 i - a +0 leather armour
   (You found it on level 4 of the Dungeon)
 n - a scarf of shadows
   (You found it on level 4 of the Dungeon)
 o - a +0 cloak
   (You found it on level 1 of the Dungeon)
 p - a +0 leather armour
   (You found it on level 4 of the Dungeon)
 q - a +0 kite shield (worn)
   (You found it on level 2 of the Dungeon)
 r - a +0 robe
   (You found it on level 4 of the Dungeon)
 t - a +0 ring mail
   (You found it on level 5 of the Dungeon)
 v - a +0 robe
   (You found it on level 5 of the Dungeon)
 w - a +0 ring mail
   (You took it off a gnoll sergeant on level 5 of the Dungeon)
Magical Staves
 k - a staff of earth {!a}
   (You found it on level 1 of the Dungeon)
 m - a staff of cold {!a}
   (You found it on level 1 of the Dungeon)
Jewellery
 C - a ring of protection from cold (right hand)
   (You found it on level 5 of the Dungeon)
 F - a ring of protection from fire (left hand)
   (You found it on level 1 of the Dungeon)
Talismans
 c - a beast talisman
 d - a flux talisman
Scrolls
 s - 4 scrolls of identify {@r1}
 x - a scroll of vulnerability {!r!r}
Potions
 b - a potion of lignification {!q}

Dungeon Overview and Level Annotations

Branches:
Dungeon (5/15) Zot: 24365  Temple (1/1) D:4 Zot: 5998

Altars:
Ashenzari
Dithmenos
Elyvilon
Fedhas
Gozag
Hepliaklqana
Kikubaaqudgha
Makhleb
Nemelex Xobeh
Okawaru
Qazlal
Ru
Sif Muna
Trog
Uskayaw
Vehumet
Wu Jian
Yredelemnul

Shops:
D:3 =   D:4 (   D:5 [

Annotations:
Temple 2 transporters

.......######..
.......######.#
...........##.####
............#gg..#
............#)#
####........#g####
#........+..g§#
#........#..#)#
#........#..#h#
#...)....#..#§☼§§§§#
#........#..########
#........#..#.#...#
#........#..#.###.#
#........#..#.# #.#
.....######..#.# #.#
#.....# #..#.# #.#
#.....
#..#.###.#######


You could see a gnoll.


Message History

😎 HP[+9]
Your hp is fully restored (62).
A gnoll comes into view. It is wielding a +0 halberd.
The gnoll shouts! x2
A gnoll comes into view. It is wielding a +0 spear.
A gnoll comes into view. It is wielding a +0 flail.
The gnoll shouts!
You hit the gnoll.
Your weapon exudes an aura of protection.
Your headbutt misses the gnoll.
You hear a shout!
The gnoll barely misses you.
A gnoll bouda comes into view. It is wielding a +0 club.
You hit the gnoll. The gnoll closely misses you. The gnoll barely misses you.
You puncture the gnoll!
You kill the gnoll!
The gnoll hits you but does no damage.
The gnoll bouda gazes fiercely through you!
You feel your attacks grow feeble. You block the gnoll's attack. x2
You see here a +0 whip.
The gnoll hits you from afar with a +0 spear.
You block the gnoll's attack. 😕 HP[-1]
You take 1 damage, and now have 61/62 hp. 😎 HP[+1]
Your hp is fully restored (62).
Your attacks no longer feel as feeble.
The gnoll bouda barks out a call to the hunt!
The gnolls pick up the pace!
The gnoll bouda gazes fiercely through you!
You feel your attacks grow feeble.
Unknown command.
The gnoll bouda attacks as it pursues you!
The gnoll bouda hits you with a +0 club!
The gnoll hits you from afar with a +0 halberd!
You block the gnoll bouda's attack. 😮 HP[-21]
You take 21 damage, and now have 41/62 hp.
MASSIVE DAMAGE!! (PAUSE)
You barely miss the gnoll bouda.
You headbutt the gnoll bouda, but do no damage.
The gnoll barely misses you.
The gnoll bouda gazes fiercely through you!
You feel as though you will be weak longer.
The gnoll bouda hits you with a +0 club!
* * * LOW HITPOINT WARNING * * *
😨 HP[-10]
You take 10 damage, and now have 31/62 hp.
You hit the gnoll bouda.
Your weapon exudes an aura of protection.
The gnoll closely misses you.
The gnoll bouda hits you but does no damage.
You closely miss the gnoll bouda. Your headbutt misses the gnoll bouda.
You block the gnoll's attack.
The gnoll bouda barks out a call to the hunt!
Okay, then.
The air fills with toxic fumes!
As you read the scroll of poison, it crumbles to dust.
You block the gnoll's attack. You block the gnoll bouda's attack.
Unknown command.
You barely miss the gnoll bouda. The gnoll barely misses you.
The gnoll bouda gazes fiercely through you!
You feel as though you will be weak longer.
The gnoll bouda hits you with a +0 club.
* * * LOW HITPOINT WARNING * * *
You hit the gnoll bouda. You headbutt the gnoll bouda.
The gnoll hits you from afar with a +0 halberd!
* * * LOW HITPOINT WARNING * * *
The gnoll bouda hits you with a +0 club!
* * * LOW HITPOINT WARNING * * *
😱 HP[-16]
You take 16 damage, and now have 15/62 hp.
MASSIVE DAMAGE!! (PAUSE)
Okay, then.
It was a potion of might.
You feel very mighty all of a sudden. You block the gnoll's attack.
The gnoll bouda barely misses you.
You barely miss the gnoll bouda.
You block the gnoll's attack. 😨 HP[+1] Unknown command.
You puncture the gnoll bouda! You headbutt the gnoll bouda.
The gnoll bouda gazes fiercely through you!
You feel as though you will be weak longer.
The gnoll bouda hits you with a +0 club.
* * * LOW HITPOINT WARNING * * *
😱 HP[-6]
You take 6 damage, and now have 10/62 hp.
You hit the gnoll bouda.
The gnoll hits you from afar with a +0 halberd!
* * * LOW HITPOINT WARNING * * *
You block the gnoll bouda's attack. 😱 HP[-9]
You take 9 damage, and now have 1/62 hp.
Unknown command.
You hit the gnoll bouda.
You kill the gnoll bouda!
The gnoll is no longer moving quickly.
The gnoll hits you from afar with a +0 halberd.
You die...

Skill      XL: |  1  2  3  4  5  6  7 |
---------------+----------------------+-----
Dodging        | 2 3 |  3.3
Fighting       | 2 3 |  3.6
Short Blades   | 1 2 3 4 |  4.3
Shields        | 1 2 |  2.3
Shapeshifting  | 4 |  4.3
Unarmed Combat | |  3.6

Action                     |  1- 3 |  4- 6 |  7- 9 || total
---------------------------+-------+-------+-------++-------
  Melee: Unarmed           |    73 |       |       ||    73
         Headbutt          |     8 |    15 |    10 ||    33
         Short sword       |    12 |   104 |    57 ||   173
         Punch             |     3 |       |       ||     3
    Use: Potion            |     4 |     6 |     1 ||    11
         Scroll            |     2 |     5 |     1 ||     8
   Stab: Sleeping          |       |     1 |       ||     1
 Armour: Animal skin       |     7 |       |       ||     7
         Leather armour    |    47 |    50 |    38 ||   135
  Dodge: Dodged            |    32 |    35 |    10 ||    77
  Block: Kite shield       |       |    31 |    22 ||    53

Levels and vault maps discovered:
D:1:      psy_arrival_radial01, layout_loops_ring
D:2:      layout_rooms
D:3:      layout_rooms, dreamdust_ecumenical_altar_statues, serial_shops,
          nicolae_shop_waterfront, kennysheep_generic_room_14
D:4:      layout_loops_ring, minitemple, minmay_temple_entry_nine_rooms,
          serial_shops, nicolae_shop_mannequins, amcnicky_mini_pool_small,
          minmay_misc_feat_five, chequers_big_river
D:5:      layout_basic, serial_shops, shop, corexii_checkpoint
Temple:   hellmonk_temple_divided_pantheon

Notes
Turn   | Place    | Note
-------+----------+-------------------------------------------
     0 | D:1      | melkoren the Naga Shapeshifter began the quest for the Orb.
     0 | D:1      | Reached XP level 1. HP: 18/18 MP: 1/1
     0 | D:1      | magus.rc [v1.11.3]
   310 | D:1      | Reached XP level 2. HP: 18/25 MP: 2/2
   850 | D:1      | Gained mutation: You are weak. (Str -2) [potion of
                  | mutation]
   851 | D:1      | Lost mutation: You are weak. (Str -2) [potion of mutation]
   851 | D:1      | Gained mutation: You are robust. (+10% HP) [potion of
                  | mutation]
   851 | D:1      | Gained mutation: Your magical capacity is low. (-10% MP)
                  | [potion of mutation]
   852 | D:1      | Lost mutation: Your magical capacity is low. (-10% MP)
                  | [potion of mutation]
   852 | D:1      | Lost mutation: You are robust. (+10% HP) [potion of
                  | mutation]
   852 | D:1      | Gained mutation: You have a pair of small horns on your
                  | head. [potion of mutation]
   852 | D:1      | Gained mutation: Your spells are a little harder to cast,
                  | but a little more powerful. [potion of mutation]
   852 | D:1      | Gained mutation: You have hidden genetic defects. [potion
                  | of mutation]
   852 | D:1      | Gained mutation: You expend magic power (3 MP) to
                  | strengthen your wands. [potion of mutation]
   900 | D:2      | Reached XP level 3. HP: 24/31 MP: 3/3
   907 | D:2      | Gained mutation: You are occasionally teleported next to
                  | monsters. [hidden defects]
  1062 | D:2      | Gained mutation: You are dopey. (Int -2) [hidden defects]
  1062 | D:2      | Lost mutation: You have hidden genetic defects. [hidden
                  | defects expressed]
  1165 | D:2      | Reached skill level 2 in Dodging
  1208 | D:2      | You add the spells Gell's Gravitas, Teleport Other and
                  | Dispersal to your library.
  1266 | D:2      | Identified the +9 short sword "Ufreezoe" {protect, rPois
                  | rC++ Will- rCorr}
  1290 | D:2      | You pick up a book of Dreams and begin reading...
  1290 | D:2      | You add the spells Jinxbite, Ensorcelled Hibernation and
                  | Anguish to your library.
  1334 | D:2      | Learned a level 2 spell: Ensorcelled Hibernation
  1555 | D:2      | Reached XP level 4. HP: 39/39 MP: 4/4
  1575 | D:3      | Identified the +2 helmet "Gisykh" {rC- Regen+ Slay+4
                  | Stlth+}
  1693 | D:3      | Reached skill level 2 in Fighting
  1693 | D:3      | Reached skill level 1 in Short Blades
  1698 | D:3      | Found Sian's Jewellery Shop.
  1755 | D:3      | You pick up a book of Conjurations and begin reading...
  1755 | D:3      | You add the spells Magic Dart, Searing Ray and Fulminant
                  | Prism to your library.
  1966 | D:3      | You pick up a book of Blood and begin reading...
  1966 | D:3      | You add the spells Sublimation of Blood, Wereblood and
                  | Summon Hydra to your library.
  1987 | D:3      | You pick up a book of Burglary and begin reading...
  1987 | D:3      | You add the spells Passwall and Swiftness to your library.
  1994 | D:3      | Found a faded altar of an unknown god.
  2003 | D:3      | Reached XP level 5. HP: 34/45 MP: 5/5
  2293 | D:4      | Found Vosukori's Weapon Shop.
  2293 | D:4      | Noticed a +0 triple sword
  2295 | D:4      | Noticed a +0 demon blade
  2341 | D:4      | Reached skill level 2 in Short Blades
  2400 | D:4      | Reached skill level 1 in Shields
  2517 | D:4      | Reached XP level 6. HP: 55/55 MP: 6/6
  2612 | D:4      | Found an iron altar of Okawaru.
  2616 | D:4      | Found a shimmering blue altar of Sif Muna.
  2617 | D:4      | Found a blossoming altar of Fedhas.
  2618 | D:4      | Found a sacrificial altar of Ru.
  2618 | D:4      | Found a hide-covered altar of Uskayaw.
  2618 | D:4      | Found an ancient bone altar of Kikubaaqudgha.
  2624 | D:4      | Found a burning altar of Makhleb.
  2789 | D:4      | HP: 6/55 [ogre/+0 giant club (21)]
  2951 | D:4      | Reached skill level 3 in Short Blades
  3029 | D:4      | Found a staircase to the Ecumenical Temple.
  3039 | Temple   | Found a transporter.
  3039 | Temple   | Found a transporter.
  3039 | Temple   | Found a transporter.
  3039 | Temple   | Found a transporter.
  3039 | Temple   | Entered the Ecumenical Temple
  3481 | D:5      | Entered Level 5 of the Dungeon
  3515 | D:5      | Found Hoiprom's Antique Armour Boutique.
  3527 | D:5      | Reached skill level 3 in Fighting
  3527 | D:5      | Reached XP level 7. HP: 62/62 MP: 7/7
  3584 | D:5      | Reached skill level 3 in Dodging
  3584 | D:5      | Reached skill level 4 in Shapeshifting
  3736 | D:5      | Reached skill level 2 in Shields
  3801 | D:5      | Reached skill level 4 in Short Blades
  4434 | D:5      | HP: 15/62 [gnoll bouda/+0 club (7)]
  4438 | D:5      | HP: 1/62 [gnoll/+0 halberd[a gnoll bouda] (9)]
  4439 | D:5      | Slain by a gnoll

Vanquished Creatures
  2 ogres
  A phantom (D:5)
  A gnoll sergeant (D:5)
  2 scorpions
  A jelly (D:5)
  A gnoll bouda (D:5)
  2 hounds
  2 sleepcaps
  An iguana (D:4)
  8 gnolls
  3 adders
  A shadow imp (D:5)
  2 worms (D:2)
  3 dart slugs
  6 orcs
  3 ball pythons
  3 bats
  10 endoplasms
  7 giant cockroaches
  8 goblins
  7 hobgoblins
  2 jackals (D:2)
  5 kobolds
  4 quokkas
  A frilled lizard (D:3)
  4 rats
90 creatures vanquished.

Table legend:
 A = Non-vault XP
 B = Vault XP
 C = Vault XP percentage of total XP
 D = Non-vault monster count
 E = Vault monster count
 F = Vault count percentage of total count
                 A         B        C        D         E       F
            +---------+---------+-------+---------+---------+-------
      Total |    1192 |       0 |   0.0 |      90 |       0 |   0.0
            +---------+---------+-------+---------+---------+-------
        D:1 |      21 |       0 |   0.0 |      11 |       0 |   0.0
        D:2 |      61 |       0 |   0.0 |      22 |       0 |   0.0
        D:3 |      84 |       0 |   0.0 |      21 |       0 |   0.0
        D:4 |     377 |       0 |   0.0 |      20 |       0 |   0.0
        D:5 |     649 |       0 |   0.0 |      16 |       0 |   0.0
            +---------+---------+-------+---------+---------+-------

Skill      XL: |  1  2  3  4  5  6  7 |
---------------+----------------------+-----
Dodging        | 2 3 |  3.3
Fighting       | 2 3 |  3.6
Short Blades   | 1 2 3 4 |  4.3
Shields        | 1 2 |  2.3
Shapeshifting  | 4 |  4.3
Unarmed Combat | |  3.6

Action                     |  1- 3 |  4- 6 |  7- 9 || total
---------------------------+-------+-------+-------++-------
  Melee: Unarmed           |    73 |       |       ||    73
         Headbutt          |     8 |    15 |    10 ||    33
         Short sword       |    12 |   104 |    57 ||   173
         Punch             |     3 |       |       ||     3
    Use: Potion            |     4 |     6 |     1 ||    11
         Scroll            |     2 |     5 |     1 ||     8
   Stab: Sleeping          |       |     1 |       ||     1
 Armour: Animal skin       |     7 |       |       ||     7
         Leather armour    |    47 |    50 |    38 ||   135
  Dodge: Dodged            |    32 |    35 |    10 ||    77
  Block: Kite shield       |       |    31 |    22 ||    53

Illustrated notes

Table legend:
 A = Kills in this place as a percentage of kills in the entire game.
 B = Kills by you in this place as a percentage of kills by you in the entire game.
 C = Kills by friends in this place as a percentage of kills by friends in the entire game.
 D = Other kills in this place as a percentage of other kills in the entire game.
 E = Experience gained in this place as a percentage of experience gained in the entire game.
 F = Experience gained in this place divided by the number of levels of this place that you have seen.
                   A       B       C       D       E      F
               +-------+-------+-------+-------+-------+----------------------
         Total | 100.0 | 100.0 |   N/A |   N/A | 100.0 | 198.7
       Dungeon | 100.0 | 100.0 |   N/A |   N/A | 100.0 | 238.4
               +-------+-------+-------+-------+-------+----------------------

Table legend: (Time is in decaauts)
 A = Elapsed time spent in this place.
 B = Non-inter-level travel time spent in this place.
 C = Inter-level travel time spent in this place.
 D = Time resting spent in this place.
 E = Time spent auto-exploring this place.
 F = Levels seen in this place.
 G = Mean time per level.
                   A        B        C        D        E       F      G
               +--------+--------+--------+--------+--------+-----+--------+
         Total |   5635 |   5380 |    255 |    356 |   4290 |   6 |  939.2 |
       Dungeon |   5633 |   5378 |    255 |    356 |   4290 |   5 | 1126.6 |
        Temple |      1 |      1 |      0 |      0 |      0 |   1 |    1.0 |
               +--------+--------+--------+--------+--------+-----+--------+

Top non-repeatable levels by time:
     D:4: 1531 daAuts
     D:5: 1185 daAuts
     D:1: 1131 daAuts
     D:3: 931 daAuts
     D:2: 854 daAuts
  Temple: 1 daAuts
